 Dungeon Crawl Stone Soup version 0.27-a0-1565-gad902ab807 (webtiles) character file.

Game seed: 2323246178553730037

398926 Anon1729 the Tortoise (level 24, -11/212 HPs)
             Began as a Formicid Delver on July 16, 2021.
             Was the Champion of Ashenzari.
             Mangled by a vault warden (42 damage)
             ... on level 4 of the Vaults.
             The game lasted 02:06:41 (44690 turns).

Anon1729 the Tortoise (Formicid Delver)            Turns: 44690, Time: 02:06:41

Health: -11/212    AC: 36    Str: 25    XL:     24   Next: 37%
Magic:  53/53      EV: 18    Int: 20    God:    Ashenzari [******]
Gold:   1667       SH: 20    Dex: 26    Spells: 44/57 levels left

rFire    + . .     SeeInvis +   y - +7 lajatang of Order {silver, rMut, Melee, Fort} (curse)
rCold    + . .     Faith    .   X - +1 kite shield of the Bound Shame {rF+, Fort, Bglg} (curse)
rNeg     + . .     Spirit   .   w - +6 chain mail of Cremastomancy {rF+, Bglg, Fort} (curse)
rPois    +         Reflect  .   (helmet unavailable)
rElec    +         Harm     .   l - +2 cloak "Perceptive Loss" {Will+, Melee, Self} (curse)
rCorr    +         Rampage  .   M - +2 pair of gloves of Curses and Power {Cun, Fort} (curse)
rMut     +         Clarity  +   G - +2 pair of boots of the Shattered Seer {Fly, Evo, Comp} (curse)
Will     ++++.                  v - amulet "Mantic Boredom" {rElec rF- rN+ Regen+, Self, Evo} (curse)
Stlth    +++++.....             s - ring "Comet of the Bound Seer" {rPois rCorr Int+6 Dex+6, Fort, Self} (curse)
HPRegen  1.45/turn              z - ring "Tethered Together" {rPois rC+ Will+ MP+9 Dex+8, Melee, Fort} (curse)
MPRegen  0.33/turn

@: flying
A: permanent stasis, dig shafts and tunnels, antennae 3, four strong arms
}: 2/15 runes: barnacled, gossamer
a: Dig, Shaft Self, Renounce Religion, Shatter the Chains


You were on level 4 of the Vaults.
You worshipped Ashenzari.
Ashenzari was exalted by your worship.
You visited 8 branches of the dungeon, and saw 41 of its levels.
You visited the Abyss 3 times.
You also visited: Gauntlet, Ice Cave, Volcano and Desolation.

You collected 3986 gold pieces.
You spent 2319 gold pieces at shops.

Inventory:

Hand Weapons
 y - the cursed +7 lajatang of Order (weapon) {silver, rMut, Melee, Fort}
   (You found it on level 4 of the Dungeon)

   It inflicts extra damage upon those it strikes, and deals substantially
   increased damage to chaotic, mutated and magically transformed beings.
   rMut:      It protects you from mutation.
   It has a curse which improves the following skills: Melee Combat: Short
   Blades, Long Blades, Axes, Maces & Flails, Polearms, Staves and Unarmed
   Combat.
   Fortitude: Armour and Shields.
Missiles
 A - 10 boomerangs of dispersal
 F - 11 atropa-tipped darts
 I - 16 curare-tipped darts (quivered)
 K - 2 throwing nets
Armour
 l - the cursed +2 cloak "Perceptive Loss" (worn) {Will+, Melee, Self}
   (You took it off Crazy Yiuf on level 3 of the Dungeon)

   It has a curse which improves the following skills: Melee Combat: Short
   Blades, Long Blades, Axes, Maces & Flails, Polearms, Staves and Unarmed
   Combat.
   Introspection: Fighting and Spellcasting.
 w - the cursed +6 chain mail of Cremastomancy (worn) {rF+, Bglg, Fort}
   (You took it off a minotaur in a Gauntlet)

   It has a curse which improves the following skills: Beguiling: Conjurations,
   Hexes and Translocations.
   Fortitude: Armour and Shields.
 G - the cursed +2 pair of boots of the Shattered Seer (worn) {Fly, Evo, Comp}
   (You acquired it on level 14 of the Dungeon)

   It has a curse which improves the following skills: Evocations: Evocations.
   Companions: Summonings and Necromancy.
 M - the cursed +2 pair of gloves of Curses and Power (worn) {Cun, Fort}
   (You found it on level 9 of the Dungeon)

   It has a curse which improves the following skills: Cunning: Dodging and
   Stealth.
   Fortitude: Armour and Shields.
 R - a +0 kite shield of reflection
 X - the cursed +1 kite shield of the Bound Shame (worn) {rF+, Fort, Bglg}
   (You found it in a volcano)

   It has a curse which improves the following skills: Fortitude: Armour and
   Shields.
   Beguiling: Conjurations, Hexes and Translocations.
Jewellery
 s - the cursed ring "Comet of the Bound Seer" (left hand) {rPois rCorr Int+6 Dex+6, Fort, Self}
   (You found it in an ice cave)

   [ring of intelligence]

   Int:       It affects your intelligence (+6).
   Dex:       It affects your dexterity (+6).
   rPois:     It protects you from poison.
   rCorr:     It protects you from acid and corrosion.
   It has a curse which improves the following skills: Fortitude: Armour and
   Shields.
   Introspection: Fighting and Spellcasting.
 v - the cursed amulet "Mantic Boredom" (around neck) {rElec rF- rN+ Regen+, Self, Evo}
   (You found it in a Gauntlet)

   [amulet of regeneration]

   rF:        It makes you vulnerable to fire.
   rElec:     It insulates you from electricity.
   rN:        It protects you from negative energy.
   Regen:     It increases your rate of health regeneration.
   It has a curse which improves the following skills: Introspection: Fighting
   and Spellcasting.
   Evocations: Evocations.
 z - the cursed ring "Tethered Together" (right hand) {rPois rC+ Will+ MP+9 Dex+8, Melee, Fort}
   (You acquired it on level 15 of the Dungeon)

   [ring of willpower]

   Dex:       It affects your dexterity (+8).
   rC:        It protects you from cold.
   rPois:     It protects you from poison.
   MP:        It affects your magic capacity (+9).
   Will:      It increases your willpower.
   It has a curse which improves the following skills: Melee Combat: Short
   Blades, Long Blades, Axes, Maces & Flails, Polearms, Staves and Unarmed
   Combat.
   Fortitude: Armour and Shields.
 V - the ring of Ilarobom {rElec rPois rC+ Dex+7}
   (You found it on level 4 of the Shoals)

   [ring of poison resistance]

   Dex:       It affects your dexterity (+7).
   rC:        It protects you from cold.
   rElec:     It insulates you from electricity.
   rPois:     It protects you from poison.
Wands
 b - a wand of polymorph (28)
 f - a wand of digging (7)
 o - a wand of paralysis (11)
 t - a wand of iceblast (68)
 N - a wand of mindburst (31)
 O - a wand of acid (23)
 P - a wand of flame (73)
Scrolls
 c - 5 scrolls of fog
 d - 7 scrolls of magic mapping
 e - 7 scrolls of fear
 h - 9 scrolls of amnesia
 j - 5 scrolls of enchant weapon
 n - 3 scrolls of silence
 q - a scroll of acquirement
 x - 3 scrolls of vulnerability
 D - 3 scrolls of immolation
 L - a scroll of enchant armour
 S - 5 scrolls of brand weapon
 Y - a scroll of holy word
Potions
 i - 6 potions of might
 k - 3 potions of brilliance
 m - 14 potions of curing
 p - 4 potions of mutation
 r - 2 potions of cancellation
 u - 12 potions of ambrosia
 B - 5 potions of heal wounds
 C - 4 potions of resistance
 H - 7 potions of flight
 J - 4 potions of invisibility
 W - 3 potions of attraction
 Z - 2 potions of magic
Miscellaneous
 Q - a tin of tremorstones (2/2)


   Skills:
 + Level 17.6(22.6) Fighting
 - Level 4.6(14.7) Maces & Flails
 + Level 17.2(22.3) Staves
 - Level 18.0(26.0) Armour
 + Level 7.9(11.0) Dodging
 + Level 16.2(18.7) Stealth
 * Level 16.8(25.0) Shields
 - Level 1.0(4.1) Unarmed Combat
 + Level 11.5(17.0) Spellcasting
 + Level 9.7(14.0) Hexes
 * Level 12.7(15.4) Summonings
 + Level 13.1(17.2) Evocations


You had 44 spell levels left.
You knew the following spells:

 Your Spells              Type           Power      Damage    Failure   Level
a - Animate Armour        Summ/Erth      94%        N/A       3%          4
b - Call Imp              Summ           68%        N/A       1%          2
c - Summon Hydra          Summ           34%        N/A       12%         7

Your spell library contained the following spells:

 Spells                   Type           Power      Damage    Failure   Level
 Summon Small Mammal      Summ           100%       N/A       0%          1
 Corona                   Hex            72%        N/A       1%          1
 Ensorcelled Hibernation  Hex/Ice        90%        N/A       1%          2
 Call Canine Familiar     Summ           68%        N/A       1%          3
 Portal Projectile        Hex/Tloc       92%        N/A       1%          3
 Summon Guardian Golem    Hex/Summ       66%        N/A       1%          3
 Tukima's Dance           Hex            65%        N/A       1%          3
 Fulminant Prism          Conj/Hex       23%        3d13      3%          4
 Apportation              Tloc           38%        N/A       6%          1
 Magic Dart               Conj           76%        1d6       6%          1
 Animate Skeleton         Necr           36%        N/A       7%          1
 Pain                     Necr           72%        1d7       7%          1
 Beastly Appendage        Tmut           34%        N/A       8%          1
 Freeze                   Ice            68%        1d8       8%          1
 Summon Forest            Summ/Tloc      24%        N/A       9%          5
 Sublimation of Blood     Necr           9%         N/A       10%         2
 Corpse Rot               Necr/Air       N/A        N/A       11%         2
 Static Discharge         Conj/Air       18%        N/A       11%         2
 Passwall                 Tmut/Erth      14%        N/A       12%         2
 Poisonous Vapours        Pois/Air       34%        N/A       12%         2
 Wereblood                Tmut           17%        N/A       12%         2
 Metabolic Englaciation   Hex/Ice        22%        N/A       12%         5
 Silence                  Hex/Air        22%        N/A       12%         5
 Lesser Beckoning         Tloc           9%         N/A       19%         3
 Teleport Other           Tloc           19%        N/A       19%         3
 Conjure Flame            Conj/Fire      18%        6-21      21%         3
 Stone Arrow              Conj/Erth      36%        3d9       21%         3
 Vampiric Draining        Necr           9%         2d7       21%         3
 Mephitic Cloud           Conj/Pois/Air  17%        N/A       22%         3
 Frozen Ramparts          Ice            34%        1d5       24%         3
 Ignite Poison            Fire/Tmut/Pois 17%        N/A       24%         3
 Ozocubu's Armour         Ice            17%        N/A       24%         3
 Spider Form              Tmut/Pois      8%         N/A       24%         3
 Iskenderun's Mystic Bla  Conj/Tloc      19%        2d6       52%         4
 Animate Dead             Necr           9%         N/A       54%         4
 Hailstorm                Conj/Ice       18%        3d6       56%         4
 Sticky Flame             Conj/Fire      18%        2d4       56%         4
 Ice Form                 Ice/Tmut       17%        N/A       61%         4
 Olgreb's Toxic Radiance  Pois           17%        N/A       61%         4
 Petrify                  Tmut/Erth      17%        N/A       61%         4
 Summon Horrible Things   Summ           34%        N/A       67%         8
 Manifold Assault         Tloc           19%        N/A       86%         5
 Excruciating Wounds      Necr           9%         N/A       88%         5
 Irradiate                Conj/Tmut      9%         3d16      88%         5
 Borgnjor's Vile Clutch   Necr/Erth      8%         N/A       90%         5
 Freezing Cloud           Conj/Ice/Air   8%         6-21      90%         5
 Blade Hands              Tmut           8%         N/A       91%         5
 Lee's Rapid Deconstruct  Erth           8%         3d8*      91%         5
 Haunt                    Necr/Summ      24%        N/A       95%         7
 Death Channel            Necr           9%         N/A       100%        6
 Iron Shot                Conj/Erth      9%         9d3       100%        6
 Simulacrum               Ice/Necr       8%         N/A       100%        6
 Dragon Form              Tmut           8%         N/A       100%        7
 Ozocubu's Refrigeration  Ice            8%         4d6       100%        7
 Lehudib's Crystal Spear  Conj/Erth      9%         10d4      100%        8
 Chain Lightning          Conj/Air       9%         3d12      100%        9
 Polar Vortex             Ice            8%         N/A       100%        9
 Blink                    Tloc           Unusable   N/A       N/A         2

Dungeon Overview and Level Annotations

Branches:
Dungeon (15/15)            Temple (1/1) D:6            Lair (6/6) D:10
 Shoals (4/4) Lair:2       Spider (4/4) Lair:3        Slime (5/5) Lair:6
    Orc (2/2) D:10            Elf (0/3) Orc:2        Vaults (4/5) D:14
  Crypt (0/3) Vaults:3     Depths (0/5) D:15          IceCv (visited)
Volcano (visited)         Desolation (visited)      Gauntlet (visited)

Altars:
Ashenzari
Cheibriados
Dithmenos
Elyvilon
Fedhas
Gozag
Hepliaklqana
Kikubaaqudgha
Makhleb
Nemelex Xobeh
Okawaru
Qazlal
Ru
Sif Muna
Trog
Uskayaw
Vehumet
Wu Jian
Xom
Yredelemnul
Zin
The Shining One
Beogh
Lugonu

Shops:
D:1 [   D:5 !   D:7 (   D:9 *   D:13 *   D:14 :=::?   Orc:2 !!=?!   Shoals:2 *
Shoals:3 [   Vaults:3 !

Portals:
Abyss: Shoals:1 Shoals:3

Annotations:
D:6 1 runed translucent door, T2blue's ghost, novice MiBe
D:8 Gastronok
Lair:5 Rupert
Shoals:1 1 runed translucent door
Shoals:4 Roxanne
Slime:5 Royal Jelly


Innate Abilities, Weirdness & Mutations

You cannot be hasted, slowed, berserked, paralysed or teleported.
You can dig through walls and to a lower floor.
You have a pair of large antennae on your head. (SInv)
Your four strong arms can wield two-handed weapons with a shield.


Message History

You slice the ironbound preserver!!
The ironbound preserver is almost dead.
The vault sentinel hits you but does no damage.
The vault warden hits you with a +2 halberd of pain!
* * * LOW HITPOINT WARNING * * *
You writhe in agony.
* * * LOW HITPOINT WARNING * * *
The ironbound preserver closely misses you.
You slice the ironbound preserver!!
You kill the ironbound preserver!
You block the vault sentinel's attack. You block the vault warden's attack.
You feel much better. You block the vault sentinel's attack.
You block the vault warden's attack.
You closely miss the vault warden.
The vault sentinel gestures at you while chanting.
You resist with almost no effort.
You slash the vault warden!
The vault warden is lightly wounded.
You block the vault warden's attack.
You slash the vault warden!
The vault warden is moderately wounded.
The vault sentinel blows a loud note on a signal horn!
The vault warden hits you with a +2 halberd of pain!!
* * * LOW HITPOINT WARNING * * *
You writhe in agony.
* * * LOW HITPOINT WARNING * * *
You hear a shout!
Okay, then.
Press: ? - help, v - describe, . - travel
Here: a vault warden, wielding a +2 halberd of pain and wearing a +0 chain mail (moderately wounded, strong)
The floor.
Unknown command.
Okay, then.
Aiming: Paralyse
Press: ? - help, Shift-Dir - straight line, f - vault warden
Aim: a vault warden, wielding a +2 halberd of pain and wearing a +0 chain mail (moderately wounded, strong, chance to affect: 50%)
The vault warden resists with some effort.
The vault sentinel misses you.
The vault warden hits you with a +2 halberd of pain!!!
You die...

* ,
#...........##{.....##. *
*
*##.?.........##......##.
, ,
##...........##......##. ,
*
*##.$.........##......##.
,* ,,
##...........##......##.
*,* *
##..<........##......##. *
, .+.#.#.#.#.#.##......##.
.#....pp.....##......##.
*,* *,
,,.######@##########'####.
*, ,
,p###...)(####......####.
,* ' ,
.##.....[.###......####. ,
,** *
#......[..##......##### *,
#...........+......####. ,
, ##.........##......####.
, , *
##..?....###......##### ,
, * ##.....###############
,,, ################ ####


You could see a vault warden (strong) and a vault sentinel (catching breath).

Vanquished Creatures
  Mara (Vaults:2)
  Bai Suzhen (Spider:3)
  Frederick (Vaults:2)
  Nikola (Vaults:3)
  A lich (Vaults:3)
  A titan (Vaults:3)
  4 sphinxes
  The ghost of Huucsul the Warrior, an adept DsFi of Ru (Shoals:3)
  7 acid blobs
  2 tentacled starspawn
  Donald (Shoals:2)
  4 rockslimes
  An azure jelly (shapeshifter) (D:15)
  4 azure jellies
  2 frost giants
  A cacodemon (Shoals:3)
  12 vault wardens
  8 ghost moths
  5 emperor scorpions
  A ghoul (Vaults:3)
  2 quicksilver oozes
  10 very ugly things
  20 ironbound preservers
  A vampire knight (Vaults:3)
  5 halazid warlocks (Desolation)
  5 starcursed masses (Abyss:1)
  4 spark wasps (Spider:4)
  6 dire elephants
  4 entropy weavers
  A minotaur (Gauntlet)
  Snorg (D:13)
  An ettin (Orc:1)
  4 crystal guardians
  4 merfolk javelineers (Shoals:4)
  13 merfolk impalers
  7 yaktaur captains
  A fire dragon (Volcano)
  7 ragged hierophants (Desolation)
  6 ironbound thunderhulks
  7 peacekeepers
  4 boulder beetles
  7 great orbs of eyes
  11 vault guards
  10 hydras
  5 merfolk avatars
  3 death knights
  4 catoblepae
  9 centaur warriors
  8 ironbound frosthearts
  2 alligator snapping turtles (Shoals:2)
  A nameless horror (Vaults:2)
  5 servants of whispers (Desolation)
  Erica (Lair:1)
  4 merfolk aquamancers
  5 two-headed ogres
  5 tengu warriors
  2 satyrs (Shoals:3)
  A hell hog (Abyss:1)
  A dancing weapon (Abyss:1)
  A storm dragon zombie (Abyss:1)
  5 death yaks (IceCv)
  5 orc high priests (Orc:2)
  Urug (D:10)
  A thrashing horror (Abyss:1)
  6 ironbound beastmasters
  A titan skeleton (Abyss:1)
  Sonja (Lair:3)
  10 sea snakes
  A flayed ghost (Vaults:3)
  6 skeletal warriors
  A sixfirhy (Abyss:1)
  A death drake (Gauntlet)
  A glowing orange brain (Vaults:4)
  47 deep trolls
  10 wizards
  5 lindwurms
  7 orc knights
  2 phantasmal warriors
  7 large abominations (Abyss:1)
  25 ironbound convokers
  27 harpies
  5 deep elf pyromancers
  A wolf spider zombie (Gauntlet)
  A mana viper (shapeshifter) (Vaults:3)
  28 wolf spiders
  18 fauns
  26 ugly things
  19 orb spiders
  7 orc sorcerers
  6 cyclopes
  2 shining eyes
  17 manticores
  3 moths of wrath (Spider:1)
  An ice statue (IceCv)
  15 merfolk sirens
  6 elephants (Lair:3)
  3 guardian serpents (Desolation)
  4 black mambas
  8 water nymphs
  2 apocalypse crabs (Shoals:1)
  14 vault sentinels
  Maurice (D:11)
  3 molten gargoyles
  An orange demon (Abyss:1)
  3 gargoyles
  An eye of devastation (shapeshifter) (Vaults:3)
  2 torpor snails (Spider:4)
  A smoke demon (Abyss:1)
  A kobold demonologist (D:13)
  7 rime drakes
  2 minotaur zombies (Gauntlet)
  A hellion (Shoals:3)
  An unseen horror (shapeshifter) (D:11)
  13 yaktaurs
  16 cane toads
  A tengu conjurer (D:15)
  An ice devil (Abyss:1)
  3 freezing wraiths
  An efreet (D:11)
  11 komodo dragons
  16 demonic crawlers
  A queen bee (Lair:6)
  2 ancient zymes (Abyss:1)
  32 merfolk
  9 meliai
  5 tyrant leeches (Lair:6)
  18 jumping spiders
  10 hornets
  15 polar bears
  5 harpy zombies (Shoals:4)
  11 trolls
  A blink frog (shapeshifter) (D:11)
  An ice dragon zombie (Abyss:1)
  8 snapping turtles
  37 saltlings (Desolation)
  30 blink frogs
  105 slime creatures
  2 dream sheep (Shoals:3)
  6 raiju
  5 wind drakes
  A meliai zombie (D:11)
  31 tarantellas
  A tarantella (shapeshifter) (D:15)
  A centaur simulacrum (D:11)
  40 redbacks
  60 yaks
  4 shadows
  A ynoxinul (Abyss:1)
  A vampire (D:12)
  3 wraiths
  3 wyverns
  2 steam dragons
  4 basilisks
  10 fire bats
  3 golden eyes (Slime:1)
  14 water elementals
  A neqoxec (Abyss:1)
  6 vampire mosquitoes
  4 wargs
  2 hell hounds (Volcano)
  An ice beast (D:6)
  27 orc warriors
  9 water moccasins
  2 manticore zombies (Shoals:4)
  A sky beast (D:8)
  A black bear (D:5)
  A necrophage (D:8)
  4 ogres
  8 centaurs
  7 small abominations (Abyss:1)
  48 wolves
  3 kobold brigands
  15 bullfrogs
  2 scorpions
  A water moccasin zombie (D:7)
  2 water moccasin skeletons (D:6)
  16 killer bees (Lair:6)
  12 wights (D:9)
  An electric eel (D:14)
  2 howler monkeys
  5 lava snakes
  4 centaur zombies
  A bullfrog zombie (D:5)
  6 hounds
  Crazy Yiuf (D:3)
  A gnoll shaman (D:9)
  14 jellies (Lair:6)
  16 orc priests
  2 centaur skeletons
  2 iguanas
  21 orc wizards
  2 killer bee zombies
  A howler monkey zombie (D:10)
  A howler monkey skeleton (D:6)
  4 gnolls
  4 adders
  4 white imps
  An ufetubus (D:5)
  3 worms (D:2)
  3 dart slugs
  82 orcs
  8 ball pythons
  A bat zombie (Shoals:4)
  8 endoplasms
  4 giant cockroaches
  4 goblins
  6 hobgoblins
  9 jackals
  4 quokkas
  9 bats
  6 frilled lizards
  16 kobolds
  11 rats
  4 starspawn tentacles
1625 creatures vanquished.

Vanquished Creatures (collateral kills)
  Arachne (Spider:4)
  A stone giant (Vaults:2)
  A merfolk impaler (Shoals:3)
  2 deep trolls (Vaults:2)
  A slime creature (Slime:5)
  A guardian serpent (Desolation)
  4 saltlings (Desolation)
11 creatures vanquished.

Vanquished Creatures (others)
  A saltling (Desolation)
  25 fungi
  A lurking horror (Abyss:1)
  78 plants
  2 starspawn tentacles (Abyss:1)
  2 withered plants (D:3)
109 creatures vanquished.

Grand Total: 1745 creatures vanquished

Notes
Turn   | Place    | Note
-------+----------+-------------------------------------------
     0 | D:5      | Anon1729 the Formicid Delver began the quest for the Orb.
     0 | D:5      | Reached XP level 1. HP: 18/18 MP: 1/1
    31 | D:5      | Reached XP level 2. HP: 23/24 MP: 2/2
   343 | D:5      | HP: 1/24 [ufetubus (3)]
   347 | D:4      | Found a shimmering altar of Xom.
   624 | D:4      | Found a shimmering altar of Xom.
   624 | D:4      | Found a shimmering altar of Xom.
   626 | D:4      | Found a shimmering altar of Xom.
   628 | D:4      | Found a shimmering altar of Xom.
   631 | D:4      | Noticed a scorpion
   756 | D:2      | Reached XP level 3. HP: 26/29 MP: 3/3
   853 | D:2      | You fall into a shaft and drop 1 floor!
  1268 | D:1      | Found Kathriqu's Antique Armour Shoppe.
  1743 | D:2      | Reached XP level 4. HP: 37/37 MP: 4/4
  2750 | D:2      | Reached skill level 1 in Armour
  2954 | D:3      | Reached XP level 5. HP: 5/42 MP: 5/5
  3348 | D:3      | Found a bloodstained altar of Trog.
  3384 | D:3      | Found a basalt altar of Yredelemnul.
  3778 | D:3      | Found a faded altar of an unknown god.
  4015 | D:3      | Found a runed translucent door.
  4016 | D:3      | Noticed Crazy Yiuf
  4023 | D:3      | Killed Crazy Yiuf
  4024 | D:3      | Reached skill level 2 in Armour
  4024 | D:3      | Reached XP level 6. HP: 49/49 MP: 6/6
  4245 | D:4      | Noticed an ogre
  5079 | D:4      | Found the +7 lajatang of Order {silver, rMut}
  5317 | D:4      | Killed an ogre
  5318 | D:4      | Reached skill level 5 in Fighting
  5318 | D:4      | Reached skill level 1 in Staves
  5318 | D:4      | Reached skill level 3 in Armour
  5318 | D:4      | Reached XP level 7. HP: 30/56 MP: 7/7
  6162 | D:5      | Reached XP level 8. HP: 51/63 MP: 8/8
  6309 | D:5      | Found Xikadaunk's Distillery.
  6318 | D:5      | Bought a potion of might for 48 gold pieces
  6318 | D:5      | Bought a potion of heal wounds for 60 gold pieces
  6318 | D:5      | Bought a potion of resistance for 120 gold pieces
  6486 | D:5      | Reached skill level 4 in Armour
  6736 | D:6      | Found a radiant altar of Vehumet.
  6741 | D:6      | Found an iron altar of Okawaru.
  7257 | D:6      | Found a runed translucent door.
  7258 | D:6      | Noticed T2blue's ghost (novice MiBe)
  7301 | D:6      | Reached skill level 5 in Staves
  7387 | D:6      | Reached skill level 5 in Armour
  7401 | D:6      | Found a staircase to the Ecumenical Temple.
  7430 | Temple   | Entered the Ecumenical Temple
  7745 | Temple   | Became a worshipper of Ashenzari the Shackled
  7790 | D:6      | Reached XP level 9. HP: 71/71 MP: 9/9
  8213 | D:7      | Found a blossoming altar of Fedhas.
  8689 | D:7      | Reached skill level 6 in Armour
  9019 | D:7      | Reached XP level 10. HP: 56/80 MP: 10/10
  9157 | D:7      | Found Eziruif's Weapon Shop.
  9302 | D:8      | Noticed a cyclops
  9802 | D:8      | Reached skill level 7 in Armour
  9851 | D:8      | Noticed Gastronok
  9966 | D:8      | Killed a cyclops
 10075 | D:8      | Found a sparkling altar of Nemelex Xobeh.
 10592 | D:9      | Found a burning altar of Makhleb.
 10592 | D:9      | Noticed a two-headed ogre
 10660 | D:9      | Found Pogaumir's Assorted Antiques.
 10673 | D:9      | Bought a scroll labelled DEOLIEGYADGH for 30 gold pieces
 10673 | D:9      | Acquired a manual of Armour
 10835 | D:9      | Killed a two-headed ogre
 10836 | D:9      | Reached skill level 8 in Armour
 10912 | D:9      | Found a glowing golden altar of the Shining One.
 10942 | D:9      | Found a stormy altar of Qazlal.
 11235 | D:9      | Reached skill level 10 in Staves
 11235 | D:9      | Reached XP level 11. HP: 88/89 MP: 11/11
 11375 | D:10     | Entered Level 10 of the Dungeon
 11413 | D:10     | Found a staircase to the Lair.
 11413 | D:10     | Noticed a two-headed ogre
 11418 | D:10     | Killed a two-headed ogre
 11419 | D:10     | Reached skill level 9 in Armour
 11609 | D:10     | Found a staircase to the Orcish Mines.
 11937 | D:10     | Noticed a two-headed ogre
 11944 | D:10     | Killed a two-headed ogre
 11945 | D:10     | Reached skill level 10 in Armour
 11964 | D:10     | Found a sacrificial altar of Ru.
 11964 | D:10     | Noticed Urug
 11970 | D:10     | Killed Urug
 11971 | D:10     | Reached skill level 10 in Fighting
 12643 | D:11     | Found a gate leading to a gauntlet.
 12690 | Gauntlet | Entered a Gauntlet
 12690 | Gauntlet | Noticed a wizard
 12690 | Gauntlet | Found a transporter.
 12700 | Gauntlet | Found a transporter.
 12704 | Gauntlet | Found a transporter.
 12705 | Gauntlet | Identified the +0 cloak of the Prince of Darkness {Int+2
                  | Slay+3}
 12720 | Gauntlet | Identified the Tome of the Voyage
 12724 | Gauntlet | Found a transporter.
 12726 | Gauntlet | Found a large runed translucent door.
 12726 | Gauntlet | Found a large runed translucent door.
 12727 | Gauntlet | Found a large runed translucent door.
 12727 | Gauntlet | Found a large runed translucent door.
 12728 | Gauntlet | Found a large runed translucent door.
 12728 | Gauntlet | Found a large runed translucent door.
 12728 | Gauntlet | Found a runed translucent door.
 12728 | Gauntlet | Found a runed translucent door.
 12729 | Gauntlet | Found a large runed translucent door.
 12729 | Gauntlet | Found a large runed translucent door.
 12730 | Gauntlet | Found a large runed translucent door.
 12731 | Gauntlet | Found a large runed translucent door.
 12732 | Gauntlet | Found a large runed translucent door.
 12732 | Gauntlet | Found a large runed translucent door.
 12733 | Gauntlet | Found a large runed translucent door.
 12733 | Gauntlet | Found a large runed translucent door.
 12733 | Gauntlet | Found a large runed translucent door.
 12733 | Gauntlet | Found a large runed translucent door.
 12737 | Gauntlet | Found a runed translucent gate.
 12737 | Gauntlet | Found a runed translucent gate.
 12737 | Gauntlet | Found a runed translucent gate.
 12738 | Gauntlet | Noticed an orange crystal statue
 12739 | Gauntlet | Found a transporter.
 12750 | Gauntlet | Identified the ring of Igysmear {*Corrode rElec rF+ Slay+4}
 12760 | Gauntlet | Found a transporter.
 12762 | Gauntlet | Identified the +1 pair of boots of Proximity {rF+ Will+
                  | Str-5}
 12775 | Gauntlet | Found a transporter.
 12780 | Gauntlet | Found a transporter.
 12780 | Gauntlet | Noticed a death drake
 12781 | Gauntlet | Identified the amulet of Jiysesi {rElec rF- rN+ Regen+}
 12784 | Gauntlet | Found a transporter.
 12784 | Gauntlet | Found a transporter.
 12784 | Gauntlet | Noticed a wizard
 12795 | Gauntlet | Found a transporter.
 12796 | Gauntlet | Identified the +0 pair of boots "Getoxt" {*Corrode rF+++
                  | Str+3 Int+7}
 12843 | Gauntlet | Found a transporter.
 12895 | Gauntlet | Reached skill level 11 in Armour
 12906 | Gauntlet | Killed a death drake
 13208 | Gauntlet | Reached XP level 12. HP: 98/98 MP: 12/12
 13252 | Gauntlet | Noticed a minotaur
 13264 | Gauntlet | Killed a minotaur
 13615 | D:11     | Noticed a two-headed ogre
 13621 | D:11     | Killed a two-headed ogre
 13622 | D:11     | Reached skill level 12 in Armour
 13690 | D:11     | Noticed Maurice
 13707 | D:11     | Killed Maurice
 14082 | D:11     | Noticed a two-headed ogre
 14089 | D:10     | Killed a two-headed ogre
 14096 | D:11     | Noticed a tengu warrior
 14096 | D:11     | Noticed a centaur warrior
 14103 | D:10     | Killed a tengu warrior
 14123 | D:11     | Killed a centaur warrior
 14201 | D:11     | Found a blossoming altar of Fedhas.
 14202 | D:11     | Found a snail-covered altar of Cheibriados.
 14203 | D:11     | Found a glowing golden altar of the Shining One.
 14203 | D:11     | Found an ancient bone altar of Kikubaaqudgha.
 14237 | D:11     | Reached skill level 13 in Armour
 14238 | D:11     | Noticed a boulder beetle
 14263 | D:11     | Killed a boulder beetle
 14264 | D:11     | Reached XP level 13. HP: 72/107 MP: 13/13
 14377 | D:11     | Identified the +1 battleaxe "Jiefekag" {venom, rC+}
 14472 | D:11     | Noticed a centaur warrior
 14478 | D:11     | Killed a centaur warrior
 14479 | D:11     | Reached skill level 14 in Armour
 14888 | D:12     | Reached skill level 15 in Armour
 15197 | Lair:1   | Entered Level 1 of the Lair of Beasts
 15266 | Lair:1   | Noticed Erica
 15274 | Lair:1   | Killed Erica
 15367 | Lair:1   | Noticed a five-headed hydra
 15389 | Lair:1   | Killed a nine-headed hydra
 15390 | Lair:1   | Reached skill level 1 in Evocations
 15621 | Lair:1   | Found a frozen archway.
 15631 | IceCv    | Entered an ice cave
 16028 | IceCv    | Reached XP level 14. HP: 85/118 MP: 14/14
 16318 | IceCv    | Noticed a frost giant
 16329 | IceCv    | Killed a frost giant
 16370 | IceCv    | Identified the ring "Xostropo" {rPois rCorr Int+6 Dex+6}
 17279 | Lair:2   | Identified the +1 scale mail "Oroditim" {Dex+3 Slay+5}
 17399 | Lair:2   | Found a staircase to the Shoals.
 17422 | Lair:2   | Reached skill level 1 in Spellcasting
 17519 | Lair:2   | Reached * piety under Ashenzari
 17580 | Lair:2   | Reached skill level 5 in Evocations
 18001 | Lair:3   | Reached skill level 16 in Armour
 18351 | Lair:3   | Reached ** piety under Ashenzari
 18377 | Lair:3   | Found a hole to the Spider Nest.
 18573 | Lair:3   | Noticed Sonja
 18579 | Lair:3   | Killed Sonja
 18689 | Lair:3   | Reached XP level 15. HP: 129/129 MP: 21/21
 19263 | Lair:4   | Reached *** piety under Ashenzari
 19858 | Lair:5   | Reached skill level 10 in Stealth
 19911 | Lair:5   | Noticed Rupert
 20809 | Lair:6   | Entered Level 6 of the Lair of Beasts
 20895 | Lair:6   | Reached skill level 1 in Shields
 21102 | Lair:6   | Found a dark tunnel.
 21105 | Volcano  | Entered a volcano
 21329 | Volcano  | Found a burning altar of Makhleb.
 21341 | Volcano  | Reached skill level 5 in Spellcasting
 21372 | Volcano  | Identified the +0 leather armour of Dassa {Rampage Will++}
 21516 | Lair:6   | Reached XP level 16. HP: 139/141 MP: 26/28
 21668 | Lair:6   | Found a staircase to the Slime Pits.
 22104 | Lair:6   | Identified Wyvexuv's Compendium of the Dark Voyage
 22371 | Orc:1    | Entered Level 1 of the Orcish Mines
 22404 | Orc:1    | Reached skill level 5 in Shields
 22997 | Orc:2    | Entered Level 2 of the Orcish Mines
 23028 | Orc:2    | Found a staircase to the Elven Halls.
 23424 | Orc:2    | Found Xus Ciun's Distillery.
 23755 | Orc:2    | Found Syunyal's Magic Scroll Shoppe.
 23755 | Orc:2    | Found Etsaow's Distillery.
 23757 | Orc:2    | Found Keadin's Jewellery Shoppe.
 23757 | Orc:2    | Found Bamyval's Distillery.
 23769 | Orc:2    | Bought a potion of invisibility for 112 gold pieces
 23773 | Orc:2    | Bought a potion of might for 56 gold pieces
 23773 | Orc:2    | Bought a potion of curing for 42 gold pieces
 23773 | Orc:2    | Bought a potion of might for 56 gold pieces
 23783 | Orc:2    | Bought a potion of curing for 39 gold pieces
 23783 | Orc:2    | Bought a potion of might for 52 gold pieces
 23783 | Orc:2    | Bought a potion of curing for 39 gold pieces
 23783 | Orc:2    | Bought a potion of ambrosia for 104 gold pieces
 23786 | Orc:2    | Bought a scroll of magic mapping for 59 gold pieces
 23786 | Orc:2    | Bought a scroll of fear for 59 gold pieces
 23786 | Orc:2    | Bought a scroll of fear for 59 gold pieces
 23825 | Orc:2    | Found a shimmering altar of Xom.
 24117 | D:1      | Bought a crude plate armour for 588 gold pieces
 24117 | D:1      | Identified the +1 plate armour of Noughts and Crosses
                  | {Will++ Str-5} (You bought it in a shop on level 1 of the
                  | Dungeon)
 24652 | D:13     | Found Qyejig's Gadget Gallery.
 24840 | D:13     | Reached skill level 15 in Fighting
 24967 | D:14     | Found Afitirr's Book Emporium.
 24977 | D:15     | Entered Level 15 of the Dungeon
 25047 | D:14     | Found a gate to the Vaults.
 25106 | D:14     | Reached **** piety under Ashenzari
 25187 | D:14     | Reached skill level 17 in Armour
 25344 | D:14     | Found Eregifir's Book Boutique.
 25346 | D:14     | Identified the +9 rapier of Gyzi {vorpal, Dex+4}
 25532 | D:14     | Found Ziwynyw's Book Boutique.
 25610 | D:14     | Found Baef's Jewellery Shop.
 25698 | D:14     | Found Leong's Magic Scroll Shoppe.
 25715 | D:14     | Bought a scroll of acquirement for 676 gold pieces
 25715 | D:14     | Acquired a +1 pair of boots of flying
 25727 | D:14     | Reached ***** piety under Ashenzari
 25983 | D:15     | Reached skill level 15 in Staves
 26010 | D:15     | Reached XP level 17. HP: 149/154 MP: 32/32
 26400 | D:15     | Noticed a shadow dragon
 26420 | D:15     | Noticed an acid blob
 26631 | D:15     | Acquired the ring of the Middle {rPois rC+ Will+ MP+9
                  | Dex+8}
 26733 | D:15     | Found a staircase to the Depths.
 27060 | Spider:1 | Entered Level 1 of the Spider Nest
 27241 | Spider:1 | Learned a level 4 spell: Animate Armour
 27244 | Spider:1 | Learned a level 2 spell: Call Imp
 27534 | Spider:1 | Reached skill level 1 in Summonings
 27991 | Spider:2 | Reached skill level 10 in Shields
 28170 | Spider:2 | Reached XP level 18. HP: 157/162 MP: 34/34
 28504 | Spider:3 | Noticed Bai Suzhen
 28634 | Spider:3 | Killed Bai Suzhen
 29181 | Spider:3 | Reached ****** piety under Ashenzari
 29191 | Spider:4 | Entered Level 4 of the Spider Nest
 29516 | Spider:4 | Noticed Arachne
 29526 | Spider:4 | Killed Arachne
 29654 | Spider:4 | Reached skill level 5 in Summonings
 29675 | Spider:4 | Reached skill level 10 in Evocations
 30011 | Spider:4 | Got a gossamer rune of Zot
 30126 | Spider:4 | Reached XP level 19. HP: 160/172 MP: 8/37
 30589 | Shoals:1 | Entered Level 1 of the Shoals
 31010 | Shoals:1 | Found a runed translucent door.
 31017 | Shoals:1 | Reached skill level 1 in Unarmed Combat
 31019 | Shoals:1 | Found a corrupted altar of Lugonu.
 31019 | Shoals:1 | Found a one-way gate to the infinite horrors of the Abyss.
 31527 | Shoals:2 | Upgraded the game from 0.27-a0-1557-g57f10a385c to
                  | 0.27-a0-1565-gad902ab807
 31875 | Shoals:2 | Noticed Donald
 31891 | Shoals:2 | Killed Donald
 32048 | Shoals:2 | Reached skill level 1 in Hexes
 32170 | Shoals:2 | Found Teschuti's CLEARANCE SALE! EVERYTHING MUST GO!.
 32571 | Shoals:3 | Identified the +8 long sword of Pain and Death {freeze,
                  | Str+4}
 32754 | Shoals:3 | Found a transporter.
 32826 | Shoals:3 | Noticed Huucsul's ghost (adept DsFi)
 32844 | Shoals:3 | Found a transporter.
 32849 | Shoals:3 | Found Hato's Antique Armour Emporium.
 32850 | Shoals:3 | Identified the +9 long sword of Diet Blood {vorpal, *Noise
                  | rF+++ rC+++ rCorr}
 33333 | Shoals:3 | Voluntarily entered the Abyss.
 33434 | Shoals:3 | Escaped the Abyss
 33451 | Shoals:3 | Voluntarily entered the Abyss.
 33451 | Abyss:1  | Found a corrupted altar of Lugonu.
 33669 | Abyss:1  | Found a corrupted altar of Lugonu.
 33853 | Shoals:3 | Escaped the Abyss
 33859 | Shoals:3 | Reached skill level 18 in Armour
 33859 | Shoals:3 | Reached XP level 20. HP: 135/180 MP: 38/38
 33866 | Shoals:3 | Voluntarily entered the Abyss.
 33961 | Abyss:1  | Found a corrupted altar of Lugonu.
 34261 | Abyss:1  | Found a shimmering blue altar of Sif Muna.
 34288 | Shoals:3 | Escaped the Abyss
 34304 | Shoals:3 | Killed Huucsul's ghost
 34454 | Shoals:4 | Entered Level 4 of the Shoals
 34496 | Shoals:4 | Identified the +2 robe of Tustyloun {SInv}
 34798 | Shoals:4 | Noticed Roxanne
 34946 | Shoals:4 | Identified the +12 falchion of Yesterday {antimagic,
                  | Fragile rElec rC++ Will+}
 35286 | Shoals:4 | Got a barnacled rune of Zot
 35589 | Shoals:4 | Identified the ring of Ilarobom {rElec rPois rC+ Dex+7}
 36045 | Slime:1  | Entered Level 1 of the Pits of Slime
 36731 | Slime:2  | Reached skill level 5 in Hexes
 36744 | Slime:2  | Reached XP level 21. HP: 151/187 MP: 40/40
 36747 | Slime:2  | Reached skill level 5 in Dodging
 36757 | Slime:2  | Learned a level 7 spell: Summon Hydra
 37428 | Slime:5  | Entered Level 5 of the Pits of Slime
 37508 | Slime:5  | Noticed the Royal Jelly
 37916 | D:13     | Noticed Snorg
 38293 | D:13     | Killed Snorg
 38466 | Vaults:1 | Entered Level 1 of the Vaults
 38873 | Vaults:1 | Reached skill level 10 in Spellcasting
 39039 | Vaults:1 | Reached skill level 10 in Summonings
 39378 | Vaults:1 | Identified the Tome of Creation
 39714 | Vaults:1 | Reached skill level 15 in Stealth
 39717 | Vaults:1 | Reached XP level 22. HP: 196/196 MP: 41/41
 40264 | Vaults:2 | Reached skill level 15 in Shields
 40478 | Vaults:2 | Noticed Frederick
 40499 | Vaults:2 | Killed Frederick
 40673 | Vaults:2 | Noticed Mara
 40713 | Vaults:2 | Noticed Anon1729's illusion
 40746 | Vaults:2 | Killed Mara
 41413 | Vaults:3 | Reached XP level 23. HP: 189/203 MP: 43/43
 42316 | Vaults:3 | Found a staircase to the Crypt.
 42435 | Vaults:3 | Found Vouwkupo's Distillery.
 42443 | Vaults:3 | Bought a potion of curing for 60 gold pieces
 42443 | Vaults:3 | Bought a potion of curing for 60 gold pieces
 42458 | Vaults:3 | Noticed Nikola
 42478 | Vaults:3 | Killed Nikola
 43043 | Vaults:4 | Found a ruined gateway.
 43050 | Desolati | Entered the Desolation of Salt
 43287 | Desolati | Identified the +1 helmet of the Pit {rN+ Will+ Str-3}
 43556 | Desolati | Identified the ring "Hetuciuc" {Ice Will- Int+4}
 43556 | Desolati | Identified Watoyzabb's Handbook of Stones and Translocation
 43730 | Desolati | Identified the ring "Jeporch" {rPois MP+9 Str+3 Slay-6
                  | SInv}
 43837 | Desolati | Reached XP level 24. HP: 198/199 MP: 43/43
 43843 | Desolati | Identified the ring "Echutest" {Will+ Int+3}
 43843 | Desolati | Identified the Handbook of Lightness and the Frostbite
 43843 | Desolati | Identified Helis's Handbook of Creative Confrontation
 43855 | Desolati | Identified Asherphoc's Tome of Evil Feathers
 43858 | Desolati | Identified the Reference Book on Warped Sinister Rituals
 43919 | Desolati | Identified the Disquisition on Supportive Transformation
 43921 | Desolati | Identified the Handbook of Dusty Contamination
 44118 | Desolati | Identified the ring "Bohisk" {rC+ Will+}
 44690 | Vaults:4 | Mangled by a vault warden

Illustrated notes

Levels and vault maps discovered:
D:1:      dpeg_arrival_tiny_d, layout_loops_cross, serial_shops, shop,
          minmay_pentomino_q4
D:2:      minmay_recursive_quarters, layout_basic, st_stairs_5
D:3:      layout_basic, trog_three_pillars_becter, yredelemnul_altar_generic,
          shapermc_ecumenical_altar_acropolis, amethyst_killhole,
          uniq_crazy_yiuf_cottage
D:4:      cheibrodos_pilgrimage, layout_gridville, xom_redecorated,
          serial_rivers, chequers_serial_rivers_marsh,
          chequers_serial_rivers_small_b, chequers_serial_rivers_room_a,
          chequers_serial_rivers_large_a, chequers_serial_rivers_micro_b,
          chequers_serial_rivers_micro_c
D:5:      layout_loops_ring, serial_shops, shop, solitary_fountain
D:6:      kennysheep_spiral_hall, layout_basic, grunt_temple_overflow_open,
          minmay_temple_entry_waves, ebering_ghost_reflecting_pool
D:7:      layout_basic, lemuel_crystal_altar, serial_shops,
          kennysheep_little_box, nicolae_lava_and_water,
          chequers_serial_rivers_micro_b
D:8:      layout_rooms, nemelex_diamond_rough_becter, columned_hall_lemuel,
          grunt_decor_one_mirror, uniq_gastronok
D:9:      layout_roguey, mainiacjoe_overflow_cross_hatched, lemuel_tele_altar,
          nicolae_qazlal_general_emergency, serial_shops,
          nicolae_shop_statue_plus, hangedman_decor_clover_reticule
D:10:     layout_grid_maze, nicolae_ru_awakened_eye, lair_entry_dummy,
          david_orc_2, minmay_crystal_room, uniq_urug
D:11:     minmay_the_grid_octo_2x2 [minmay_the_grid_octo_odd_swirl,
          minmay_the_grid_octo_shrine, minmay_the_grid_octo_77,
          minmay_the_grid_octo_prize_single_spiral], layout_rooms,
          gauntlet_entry_generic, uniq_maurice
D:12:     layout_roguey
D:13:     layout_grid_maze, nicolae_shop_gadgets, uniq_snorg
D:14:     layout_basic, skrybe_vaults_entry_preservation, serial_shops,
          nicolae_shop_statue_plus, nicolae_take_the_stairs, shop,
          kennysheep_mini, nicolae_stop_n_shop_1, nicolae_water_bricks,
          nicolae_wwwww
D:15:     gammafunk_enter_depths_forms, layout_loops_ring,
          hangedman_glass_teeth, minmay_orc_keep
Temple:   minmay_temple_curvy_loop
Lair:1:   layout_cave_pods, portal_ice_cave_rime, uniq_erica
Lair:2:   layout_regular_city, elwin_shoals_entry_stream, serial_bayou_shore_a
Lair:3:   layout_misc_corridors, nicolae_spider_entry_orb_guardian,
          grunt_megastairs_4, uniq_sonja
Lair:4:   layout_cave_pods, lemuel_old_faithful
Lair:5:   layout_regular_city, nzn_sisyphean_effort, grunt_megastairs_5,
          lemuel_fruit_fields, infiniplex_staircase_pool_2,
          serial_bayou_shore_b, uniq_rupert
Lair:6:   minmay_lair_end_frog_pond, layout_gridlike,
          minmay_slime_entry_jelly_boxes, lightli_volcano_entry_magma_tube,
          special_room [special_room_bee], serial_bayou_shore_b
Shoals:1: layout_shoals, nicolae_shoals_abyss_on_the_beach
Shoals:2: layout_shoals, nicolae_shop_clearance, uniq_donald
Shoals:3: layout_shoals, gammafunk_ghost_abyssal_escape, nicolae_shoals_c_island
Shoals:4: shoals_end_hangedman, layout_shoals, nicolae_shoals_undead_eyrie,
          uniq_roxanne
Spider:1: layout_spider_delve, nicolae_spider_eight_legs
Spider:2: layout_spider_delve, guppyfry_spider_mini_2
Spider:3: layout_spider_delve, drop_trap, uniq_bai_suzhen
Spider:4: johnstein_spider_rune_arachne_lair, nicolae_spider_nooks_and_crannies
Slime:1:  layout_caves
Slime:2:  layout_caves
Slime:3:  layout_caves
Slime:4:  layout_caves
Slime:5
Orc:1:    layout_diamond_mine, basic_altar, nicolae_orc_stony_grotto
Orc:2:    grunt_orc_tribal_feast, layout_diamond_mine, serial_shops, shop,
          basic_altar
Vaults:1: nicolae_vaults_big_ls, hangedman_vaults_variations,
          nicolae_vaults_little_ls, vaults_dpeg_encased_lava,
          hangedman_vaults_nodes, hangedman_vaults_restitches, v_misc_3,
          nicolae_vaults_what_the_h, vaults_dpeg_spiral,
          ontoclasm_vaults_decontamination, layout_vaults_omnigrid
Vaults:2: v_misc_17, vaults_room_stairs_pillars, v_misc_15,
          nicolae_vaults_little_squares_3, hangedman_vaults_pinch, v_misc_33,
          v_misc_5, v_misc_28, nicolae_vaults_little_squares_5, v_misc_16,
          ontoclasm_vaults_eye, vaults_room_hallway, grunt_vaults_bifocal,
          nicolae_vaults_fighting_squares, vaults_room_semicircle,
          layout_vaults_maze_bifur, uniq_frederick, uniq_mara
Vaults:3: nicolae_vaults_alarming, minmay_crypt_entry_simple_box, v_misc_19,
          hangedman_vaults_hat, st_hourglassy, v_alt_pattern_2,
          nicolae_vaults_little_squares_5, v_misc_17,
          nicolae_vaults_little_squares_5, ontoclasm_vaults_bender,
          nicolae_vaults_mini_display_case, nicolae_vaults_little_squares_1,
          nicolae_vaults_border_crossing, layout_vaults_ring, serial_shops,
          nicolae_square_shop, uniq_nikola
Vaults:4: v_misc_28, nicolae_vaults_gold_heap, grunt_vaults_trifunnel,
          nicolae_vaults_network_quincunx
          [nicolae_vaults_network_quincunx_subvault,
          nicolae_vaults_network_quincunx_subvault,
          nicolae_vaults_network_quincunx_subvault,
          nicolae_vaults_network_quincunx_subvault,
          nicolae_vaults_network_quincunx_subvault],
          nicolae_vaults_shelves_hall, vaults_room_grunt_arrival_ludios,
          vaults_mumra_hex, v_alt_pattern_6, nicolae_vaults_back_hallway,
          vaults_dpeg_ring, vaults_room_fancy_cross, vaults_room_fancy_cross,
          layout_vaults_omnibox, trove_entry_hex_spiral, serial_shops, shop,
          portal_desolation_entry_ruin

Skill      XL: |  1  2  3  4  5  6  7  8  9 10 11 12 13 14 15 16 17 18 19 20 21 22 23 |
---------------+----------------------------------------------------------------------+-----
Dodging        | 2 3 4 5 6 7 |  7.9
Maces & Flails | 3 4 |  4.6
Armour         | 1 2 3 5 6 8 11 13 15 16 17 18 | 18.0
Fighting       | 4 5 6 7 9 10 11 13 14 15 16 17 | 17.6
Staves         | 1 3 5 7 10 11 13 14 15 16 17 | 17.2
Evocations     | 2 5 7 8 9 10 11 12 13 | 13.1
Stealth        | 7 9 11 12 13 14 15 16 | 16.2
Spellcasting   | 2 5 6 7 8 9 10 11 | 11.5
Shields        | 3 7 10 11 12 13 14 15 16 | 16.8
Summonings     | 3 6 7 9 10 11 12 | 12.7
Unarmed Combat | 1 |  1.0
Hexes          | 3 5 6 8 9 |  9.7

Action                   |  1- 3 |  4- 6 |  7- 9 | 10-12 | 13-15 | 16-18 | 19-21 | 22-24 || total
-------------------------+-------+-------+-------+-------+-------+-------+-------+-------++-------
Melee: Mace              |   117 |   242 |       |       |       |       |       |       ||   359
       Lajatang          |       |     5 |   161 |   328 |   882 |  1263 |  1447 |  1218 ||  5304
       Short sword       |       |     3 |       |       |       |       |       |       ||     3
       Punch             |       |       |       |       |       |     2 |       |       ||     2
Throw: Dart              |       |     4 |       |     1 |       |       |       |       ||     5
 Cast: Call Imp          |       |       |       |       |       |     3 |     3 |     1 ||     7
       Animate Armour    |       |       |       |       |       |     2 |     5 |     2 ||     9
Invok: Curse Item        |       |       |       |     1 |     3 |     5 |       |       ||     9
 Abil: Dig               |       |       |       |     6 |    13 |    17 |    13 |     1 ||    50
Evoke: Wand              |       |     2 |       |     3 |    17 |       |     4 |     5 ||    31
       Tin of tremorston |       |       |       |       |     1 |     1 |     1 |       ||     3
  Use: Scroll            |       |     1 |       |     3 |     1 |     5 |     1 |     2 ||    13
       Potion            |       |     1 |       |     5 |       |     1 |     2 |     1 ||    10
 Stab: Sleeping          |     9 |    14 |       |       |     3 |    13 |    21 |    21 ||    81
       Paralysed         |       |     2 |       |     6 |       |       |     1 |       ||     9
       Distracted        |       |       |       |       |     1 |     1 |    10 |     3 ||    15
       Petrified         |       |       |       |       |     1 |       |       |       ||     1
Armor: Leather armour    |    37 |    66 |     3 |       |       |       |       |       ||   106
       Ring mail         |       |       |    41 |       |       |       |       |       ||    41
       Plate armour      |       |       |    39 |   169 |       |       |       |       ||   208
       Chain mail        |       |       |       |    64 |   656 |   568 |   582 |   444 ||  2314
Dodge: Dodged            |    97 |   215 |    62 |   105 |   427 |   444 |   620 |   527 ||  2497
Block: Kite shield       |       |       |       |       |       |   871 |  1361 |  1096 ||  3328

Table legend: (Time is in decaauts)
 A = Elapsed time spent in this place.
 B = Non-inter-level travel time spent in this place.
 C = Inter-level travel time spent in this place.
 D = Time resting spent in this place.
 E = Time spent auto-exploring this place.
 F = Levels seen in this place.
 G = Mean time per level.
                   A        B        C        D        E       F      G
               +--------+--------+--------+--------+--------+-----+--------+
         Total |  43446 |  40337 |   3109 |   4457 |  24949 |  48 |  905.1 |
       Dungeon |  17681 |  16137 |   1544 |   2500 |  10435 |  15 | 1178.7 |
        Temple |    352 |    324 |     28 |      0 |    271 |   1 |  352.0 |
          Lair |   6295 |   5506 |    789 |    185 |   4096 |   6 | 1049.2 |
        Shoals |   4176 |   3917 |    259 |    150 |   2566 |   4 | 1044.0 |
   Spider Nest |   3259 |   3109 |    150 |     81 |   2048 |   4 |  814.8 |
    Slime Pits |   1516 |   1431 |     85 |    290 |    716 |   5 |  303.2 |
  Orcish Mines |   1447 |   1400 |     47 |     40 |    950 |   2 |  723.5 |
        Vaults |   4746 |   4542 |    204 |    178 |   2861 |   4 | 1186.5 |
         Abyss |    888 |    888 |      0 |    178 |    323 |   3 |  296.0 |
      Ice Cave |    790 |    790 |      0 |     99 |    385 |   1 |  790.0 |
       Volcano |    341 |    341 |      0 |      0 |     25 |   1 |  341.0 |
    Desolation |   1052 |   1052 |      0 |    214 |    273 |   1 | 1052.0 |
      Gauntlet |    897 |    897 |      0 |    542 |      0 |   1 |  897.0 |
               +--------+--------+--------+--------+--------+-----+--------+

Top non-repeatable levels by time:
     D:4: 2322 daAuts
Vaults:3: 1552 daAuts
     D:3: 1508 daAuts
     D:6: 1505 daAuts
    D:10: 1478 daAuts
     D:2: 1413 daAuts
     D:7: 1366 daAuts
Vaults:1: 1349 daAuts
Shoals:4: 1313 daAuts
  Lair:1: 1309 daAuts
Vaults:2: 1246 daAuts
Spider:4: 1202 daAuts
Shoals:3: 1154 daAuts
     D:8: 1074 daAuts
  Lair:6: 1064 daAuts
